 Dungeon Crawl Stone Soup version 0.22-a0-78-g0f8607c5c5 (webtiles) character file.

217 MrRokkomies the Vexing (level 5, -12/41 HPs)
             Began as a Gnoll Arcane Marksman on Jan 17, 2018.
             Mangled by an iguana (13 damage)
             ... on level 4 of the Dungeon.
             The game lasted 00:11:01 (3919 turns).

MrRokkomies the Vexing (Gnoll Arcane Marksman)      Turns: 3919, Time: 00:11:02

Health: -12/41     AC:  5    Str: 12    XL:     5   Next: 94%
Magic:  9/9        EV: 14    Int: 16    God:
Gold:   82         SH:  0    Dex: 16    Spells: 4/10 levels left

rFire    . . .     SeeInvis .   b - +0 trident
rCold    . . .     Gourm    .   (no shield)
rNeg     + . .     Faith    .   g - +0 leather armour
rPois    .         Spirit   .   h - +0 helmet
rElec    .         Reflect  .   (no cloak)
rCorr    .         Harm     .   (no gloves)
MR       .....                  l - +0 pair of boots
Stlth    ++........             (no amulet)
HPRegen  0.13/turn              m - ring of positive energy
MPRegen  0.11/turn              (no ring)

@: no status effects
A: distributed training, fangs 1, strong nose
a: no special abilities


You were on level 4 of the Dungeon.
You were not hungry.

You visited 1 branch of the dungeon, and saw 4 of its levels.

You collected 82 gold pieces.

Inventory:

Hand Weapons
 a - a +0 hunting sling
 b - a +0 trident (weapon)
Missiles
 d - 46 sling bullets
 i - 30 poisoned needles
 j - 37 stones (quivered)
Armour
 g - a +0 leather armour (worn)
 h - a +0 helmet (worn)
 l - a +0 pair of boots (worn)
Jewellery
 m - a ring of positive energy (left hand)
Scrolls
 e - a scroll of teleportation
 k - a scroll of remove curse
 n - a scroll of identify
 p - a scroll of amnesia
Books
 c - a book of Debilitation

   Spells                             Type                      Level
   a - Corona                         Hexes                        1
   b - Slow                           Hexes                        2
   c - Inner Flame                    Hexes/Fire                   3
   d - Portal Projectile              Hexes/Translocation          3
   e - Cause Fear                     Hexes                        4
   f - Leda's Liquefaction            Hexes/Earth                  4
Comestibles
 f - 8 rations


   Skills:
 + Level 3.1 Fighting
 + Level 1.6 Short Blades
 + Level 1.6 Long Blades
 + Level 1.6 Axes
 + Level 1.6 Maces & Flails
 + Level 1.6 Polearms
 + Level 1.6 Staves
 + Level 4.8 Slings
 + Level 1.6 Bows
 + Level 1.6 Crossbows
 + Level 1.6 Throwing
 + Level 1.6 Armour
 + Level 4.8 Dodging
 + Level 1.6 Stealth
 + Level 1.6 Shields
 + Level 1.6 Unarmed Combat
 + Level 3.2 Spellcasting
 + Level 1.3 Conjurations
 + Level 5.6 Hexes
 + Level 1.3 Charms
 + Level 1.3 Summonings
 + Level 1.3 Necromancy
 + Level 1.3 Translocations
 + Level 1.3 Transmutations
 + Level 1.3 Fire Magic
 + Level 1.3 Ice Magic
 + Level 1.3 Air Magic
 + Level 1.3 Earth Magic
 + Level 1.3 Poison Magic
 + Level 1.9 Invocations
 + Level 1.6 Evocations


You had 4 spell levels left.
You knew the following spells:

 Your Spells              Type           Power        Failure   Level  Hunger
a - Corona                Hex            ###....      2%          1    None
b - Slow                  Hex            ###.....     3%          2    ##.....
c - Inner Flame           Hex/Fire       ##......     17%         3    ###....


Dungeon Overview and Level Annotations

Branches:
Dungeon (4/15)
 Temple: D:4-7

Altars:
Elyvilon


Innate Abilities, Weirdness & Mutations

Your experience applies equally to all skills.
You have very sharp teeth.
Your uncanny sense of smell can sniff out nearby items.


Message History

The iguana is almost dead.
The iguana bites you!
You are too injured to fight recklessly!
You are too injured to fight recklessly!
You are too injured to fight recklessly!
You are too injured to fight recklessly!
You hit the iguana but do no damage.
The iguana is almost dead.
The iguana hisses menacingly.
The iguana bites you!
* * * LOW HITPOINT WARNING * * *
You closely miss the iguana.
The iguana is almost dead.
The iguana barely misses you.
You closely miss the iguana.
The iguana is almost dead.
The iguana bites you!
* * * LOW HITPOINT WARNING * * *
The iguana bites you!
You die...

∆ .. ∆
#.#######
........####
........##.#
........##.#
........##.#
.......l##<#
.......@##.#
...).......#
........##.#
....#.####.#
... #. #.#
.$ #. #.. .
# #.# #.# ∆
.#


You could see an iguana.

Vanquished Creatures
  An orc priest (D:2)
  A bullfrog skeleton (D:2)
  Jessica (D:2)
  Robin (D:2)
  3 adders (D:3)
  An adder skeleton (D:3)
  2 worms
  2 dart slugs
  2 leopard geckos
  4 orcs (D:2)
  A ball python (D:1)
  7 bats
  4 giant cockroaches
  14 goblins
  8 hobgoblins
  4 jackals (D:1)
  8 kobolds
  A quokka (D:1)
  5 frilled lizards (D:2)
  6 rats
76 creatures vanquished.

Notes
Turn   | Place    | Note
-------+----------+-------------------------------------------
     0 | D:1      | MrRokkomies the Gnoll Arcane Marksman began the quest for the Orb.
     0 | D:1      | Reached XP level 1. HP: 17/17 MP: 4/4
   284 | D:1      | Reached XP level 2. HP: 15/23 MP: 3/5
   854 | D:2      | Reached XP level 3. HP: 27/28 MP: 4/7
   863 | D:2      | Noticed Robin
  1364 | D:1      | Reached skill level 1 in Invocations
  1573 | D:2      | Killed Robin
  1573 | D:2      | Reached skill level 1 in Short Blades
  1573 | D:2      | Reached skill level 1 in Long Blades
  1573 | D:2      | Reached skill level 1 in Axes
  1573 | D:2      | Reached skill level 1 in Maces & Flails
  1573 | D:2      | Reached skill level 1 in Polearms
  1573 | D:2      | Reached skill level 1 in Staves
  1573 | D:2      | Reached skill level 1 in Bows
  1573 | D:2      | Reached skill level 1 in Crossbows
  1573 | D:2      | Reached skill level 1 in Throwing
  1573 | D:2      | Reached skill level 1 in Armour
  1573 | D:2      | Reached skill level 1 in Stealth
  1573 | D:2      | Reached skill level 1 in Shields
  1573 | D:2      | Reached skill level 1 in Unarmed Combat
  1573 | D:2      | Reached skill level 1 in Evocations
  1573 | D:2      | Reached XP level 4. HP: 7/34 MP: 6/8
  1970 | D:2      | Learned a level 2 spell: Slow
  1974 | D:2      | Learned a level 3 spell: Inner Flame
  1988 | D:2      | Noticed Jessica
  1992 | D:2      | Killed Jessica
  2027 | D:2      | Reached skill level 1 in Conjurations
  2027 | D:2      | Reached skill level 1 in Charms
  2027 | D:2      | Reached skill level 1 in Summonings
  2027 | D:2      | Reached skill level 1 in Necromancy
  2027 | D:2      | Reached skill level 1 in Translocations
  2027 | D:2      | Reached skill level 1 in Transmutations
  2027 | D:2      | Reached skill level 1 in Fire Magic
  2027 | D:2      | Reached skill level 1 in Ice Magic
  2027 | D:2      | Reached skill level 1 in Air Magic
  2027 | D:2      | Reached skill level 1 in Earth Magic
  2027 | D:2      | Reached skill level 1 in Poison Magic
  2214 | D:2      | HP: 1/34 [orc priest/divine providence (9)]
  2219 | D:2      | Reached XP level 5. HP: 1/40 MP: 9/9
  3220 | D:3      | Found a white marble altar of Elyvilon.
  3919 | D:4      | HP: 1/41 [iguana (10)]
  3919 | D:4      | Mangled by an iguana

Vault maps used:
D:1:      saegor_arrival_under_anarchy
D:2:      uniq_jessica, uniq_robin
D:3:      first_ration, st_stairs_12, elyvilon_altar_3
D:4:      kennysheep_little_box, lemuel_round_altar, grunt_ministairs_11,
          minmay_strange_pillars, hangedman_feature_mirror, corexii_corridor_pit

Skill      XL: |  1  2  3  4  5 |
---------------+----------------+-----
Invocations    | 1 |  1.9
Short Blades   | 1 |  1.6
Long Blades    | 1 |  1.6
Axes           | 1 |  1.6
Maces & Flails | 1 |  1.6
Polearms       | 1 |  1.6
Staves         | 1 |  1.6
Bows           | 1 |  1.6
Crossbows      | 1 |  1.6
Throwing       | 1 |  1.6
Armour         | 1 |  1.6
Stealth        | 1 |  1.6
Shields        | 1 |  1.6
Unarmed Combat | 1 |  1.6
Evocations     | 1 |  1.6
Spellcasting   | 3 |  3.2
Conjurations   | 1 |  1.3
Charms         | 1 |  1.3
Summonings     | 1 |  1.3
Necromancy     | 1 |  1.3
Translocations | 1 |  1.3
Transmutations | 1 |  1.3
Fire Magic     | 1 |  1.3
Ice Magic      | 1 |  1.3
Air Magic      | 1 |  1.3
Earth Magic    | 1 |  1.3
Poison Magic   | 1 |  1.3
Fighting       | 3 |  3.1
Slings         | |  4.8
Dodging        | |  4.8
Hexes          | |  5.6

Action                   |  1- 3 |  4- 6 || total
-------------------------+-------+-------++-------
Melee: Unarmed           |     6 |       ||     6
       Dagger            |    53 |     6 ||    59
       Bite              |     5 |     9 ||    14
       Trident           |       |   123 ||   123
       Punch             |       |     1 ||     1
 Fire: Hunting sling     |   107 |    21 ||   128
 Cast: Corona            |    23 |     8 ||    31
  Use: Scroll            |     4 |     2 ||     6
       Potion            |     3 |     3 ||     6
 Stab: Sleeping          |       |     4 ||     4
  Eat: Chunk             |     2 |     4 ||     6
       Ration            |       |     1 ||     1
Armor: Leather armour    |    47 |    32 ||    79
       Robe              |     1 |       ||     1
Dodge: Dodged            |   111 |    97 ||   208

Table legend:
 A = Spawn XP
 B = Non-spawn XP
 C = Spawn XP percentage of total XP
 D = Spawn monster count
 E = Non-spawn monster count
 F = Spawn count percentage of total count
 G = Total turns spent on level
                    A         B        C        D         E        F      G
               +---------+---------+-------+---------+---------+-------+---------
         Total |       0 |     310 |   0.0 |       0 |      76 |   0.0 |  3919
               +---------+---------+-------+---------+---------+-------+---------
           D:1 |       0 |      55 |   0.0 |       0 |      30 |   0.0 |  1536
           D:2 |       0 |     187 |   0.0 |       0 |      32 |   0.0 |  1380
           D:3 |       0 |      68 |   0.0 |       0 |      14 |   0.0 |   989
               +---------+---------+-------+---------+---------+-------+---------
